 Dungeon Crawl Stone Soup version 0.29.0-4-gdea44cf6ec (webtiles) character file.

Game seed: 17749669987946873793

44 qw the Chopper (level 3, 0/21 HPs)
             Began as a Tengu Warper on Aug 28, 2022.
             Succumbed to an adder's poison
             ... on level 2 of the Dungeon.
             The game lasted 00:00:08 (1319 turns).

qw the Chopper (Tengu Warper)                       Turns: 1319, Time: 00:00:08

Health: 0/21       AC:  3    Str: 13    XL:     3   Next: 62%
Magic:  7/7        EV: 12    Int: 13    God:
Gold:   35         SH:  0    Dex: 13    Spells: 6/6 levels left

rFire   . . .      SeeInvis +   Y - +0 war axe
rCold   . . .      Faith    .   (no shield)
rNeg    . . .      Spirit   .   b - +0 leather armour
rPois   .          Reflect  .   (helmet restricted)
rElec   .          Harm     .   (no cloak)
rCorr   .          Rampage  .   (no gloves)
Will    .....                   (boots unavailable)
Stlth   +.........              (no amulet)
HPRegen 0.07/turn               e - ring of see invisible
MPRegen 0.10/turn               (no ring)

@: lethally poisoned (0 -> -7)
A: beak, talons 3
a: no special abilities


You were on level 2 of the Dungeon.
You visited 1 branch of the dungeon, and saw 2 of its levels.

You collected 35 gold pieces.


Innate Abilities, Weirdness & Mutations

You have a beak for a mouth.
You have claws for feet.


   Skills:
 - Level 2.0 Fighting
 + Level 4.3 Axes
 - Level 1.0 Throwing
 - Level 1.1 Armour
 - Level 2.1 Dodging
 - Level 2.0 Spellcasting
 - Level 2.4 Translocations


You had 6 spell levels left.
You didn't know any spells.
Your spell library contained the following spells:

 Spells                   Type           Power      Damage    Failure   Level
 Blink                    Tloc           14%        N/A       19%         2
 Gell's Gravitas          Tloc           7%         N/A       36%         3
 Lesser Beckoning         Tloc           7%         N/A       36%         3
 Teleport Other           Tloc           7%         N/A       36%         3
 Manifold Assault         Tloc           7%         N/A       98%         5

Inventory:

Hand Weapons
 f - a +0 mace
 Y - a +0 war axe (weapon)
Armour
 b - a +0 leather armour (worn)
 c - a +0 scale mail
Jewellery
 e - a ring of see invisible (left hand)
Scrolls
 g - a scroll of teleportation {unknown}
 i - 3 scrolls of identify
Potions
 a - a potion of flight {unknown}
 d - a potion of brilliance {unknown}

Dungeon Overview and Level Annotations

Branches:
Dungeon (2/15)

Altars:


Message History

The dart slug misses you.
You slash the dart slug! You claw the dart slug.
You kill the dart slug!
You see here a dart slug corpse.
g - a scroll labelled FUKKOLEXIGREW
Found a stone staircase leading down.
You open the door.
Found a robe.
There is an open door here.
Enter note:
There is an open door here.
Found a leather armour.
You see here a +0 leather armour.
An adder comes into view.
Enter note: The adder hisses angrily.
The adder closely misses you.
You hit the adder. Your kick misses the adder.
The adder is heavily wounded.
The adder bites you.
You are poisoned.
The adder poisons you!
You closely miss the adder.
The adder is heavily wounded.
You feel sick. The adder bites you.
You are lethally poisoned!
The adder poisons you! The adder closely misses you.
You completely miss the adder.
The adder is heavily wounded.
You feel very sick. The adder bites you.
You are more poisoned.
The adder poisons you! The adder misses you.
You slash the adder!
You kill the adder!
You feel very sick.
There is a lethal amount of poison in your body!
You feel sick.
There is a lethal amount of poison in your body!
You die...

#........####.###.....# #
#..........777777777..# #
#........#............# #
#.......[##777777777..###
#........# #............
#........# #####.7P.7...
########.# ######77P.7...
#.#.....# 7.777..
#@......7 ..P 7:.
##%....77 .... 7.. .....7
....PP7..
.....7P..77P.77. .....7
P. ......7 . ....... .
.......


There were no monsters in sight!

Vanquished Creatures
  An adder (D:2)
  A worm (D:2)
  A dart slug (D:2)
  2 bats
  2 endoplasms (D:1)
  A giant cockroach (D:1)
  2 goblins (D:1)
  5 hobgoblins (D:1)
  2 jackals (D:2)
  3 kobolds (D:1)
  6 ball pythons
  A frilled lizard (D:1)
  A rat (D:1)
28 creatures vanquished.

Notes
Turn   | Place    | Note
-------+----------+-------------------------------------------
     0 | D:1      | qw the Tengu Warper began the quest for the Orb.
     0 | D:1      | Reached XP level 1. HP: 12/12 MP: 4/4
     0 | D:1      | 0 ||| qw: Version: 0.1-a-89-g26bdef1
     0 | D:1      | 0 ||| qw: Game counter: 2424
     0 | D:1      | 0 ||| qw: Always use a shield: true
     0 | D:1      | 0 ||| qw: God list: Okawaru
     0 | D:1      | 0 ||| qw: Allow faded altars: false
     0 | D:1      | 0 ||| qw: Do Orc after D:15 true
     0 | D:1      | 0 ||| qw: Do second Lair branch before Depths: true
     0 | D:1      | 0 ||| qw: Lair rune preference: random
     0 | D:1      | 0 ||| qw: Plans: Normal
     0 | D:1      | 0 ||| PLANNING D:1-11
   229 | D:1      | Reached skill level 3 in Axes
   229 | D:1      | Reached XP level 2. HP: 15/17 MP: 6/6
   453 | D:1      | 453 ||| SWAPPING to +1 vorpal hand axe.
   454 | D:1      | 454 ||| DROPPING +0 hand axe.
   710 | D:1      | 710 ||| SWAPPING to +3 hand axe.
   768 | D:1      | 768 ||| DROPPING +1 vorpal hand axe.
   930 | D:1      | 930 ||| SWAPPING to +0 war axe.
   937 | D:1      | Reached XP level 3. HP: 21/21 MP: 7/7
   937 | D:1      | 937 ||| DROPPING +3 hand axe.
  1121 | D:1      | 1121 ||| UPGRADING to ring of see invisible.
  1122 | D:1      | 1122 ||| READING 5 scrolls labelled MICEXI VEYTTUPN.
  1123 | D:1      | 1123 ||| READING scroll labelled FEL WEEPRAIQ.
  1124 | D:1      | 1124 ||| READING 4 scrolls of identify.
  1124 | D:1      | 1124 ||| IDENTIFYING brown potion
  1125 | D:1      | 1125 ||| DROPPING potion of lignification.
  1126 | D:1      | 1126 ||| DROPPING scroll of blinking.
  1214 | D:2      | 1214 ||| Stepping ~*~*~tactically~*~*~ (stealth).
  1221 | D:2      | Reached skill level 4 in Axes
  1317 | D:2      | HP: 4/21 [poisoned by an adder]
  1319 | D:2      | Succumbed to an adder's poison

Levels and vault maps discovered:
D:1:      dpeg_arrival_rhombus, layout_basic
D:2:      minmay_chambers_of_ones, layout_basic, serial_forest,
          infiniplex_forest_clump_curved, infiniplex_forest_clump_small,
          infiniplex_forest_join, infiniplex_forest_join,
          infiniplex_forest_clump_small, infiniplex_forest_straight_3,
          infiniplex_forest_end_1, minmay_misc_feat_room

Skill      XL: |  1  2  3 |
---------------+----------+-----
Axes           | 3 4 |  4.3
Fighting       | |  2.0
Throwing       | |  1.0
Armour         | |  1.1
Dodging        | |  2.1
Spellcasting   | |  2.0
Translocations | |  2.4

Action                   || total
-------------------------++-------
Melee: Hand axe          ||    42
       Kick              ||    19
       Peck              ||     9
       War axe           ||    24
       Punch             ||     1
Throw: Boomerang         ||     7
  Use: Scroll            ||     3
Armor: Leather armour    ||    12
Dodge: Dodged            ||    29

Table legend:
 A = Non-vault XP
 B = Vault XP
 C = Vault XP percentage of total XP
 D = Non-vault monster count
 E = Vault monster count
 F = Vault count percentage of total count
                 A         B        C        D         E       F
            +---------+---------+-------+---------+---------+-------
      Total |      64 |       0 |   0.0 |      28 |       0 |   0.0
            +---------+---------+-------+---------+---------+-------
        D:1 |      36 |       0 |   0.0 |      21 |       0 |   0.0
        D:2 |      28 |       0 |   0.0 |       7 |       0 |   0.0
            +---------+---------+-------+---------+---------+-------
